 Dungeon Crawl Stone Soup version 0.29-a0-22-gbf593b16ee (webtiles) character file.

Game seed: 866103299523760735

283 Armakuni the Slasher (level 6, -9/32 HPs)
             Began as a Vine Stalker Artificer on Jan 29, 2022.
             Mangled by an ice beast (13 damage)
             ... on level 3 of the Dungeon.
             The game lasted 00:10:12 (2369 turns).

Armakuni the Slasher (Vine Stalker Artificer)       Turns: 2369, Time: 00:10:13

Health: -9/32      AC:  3    Str: 17    XL:     6   Next: 28%
Magic:  0/7        EV: 11    Int: 11    God:
Gold:   118        SH:  0    Dex: 20    Spells: 5/5 levels left

rFire   . . .      SeeInvis .   a - +0 long sword
rCold   . . .      Faith    .   (no shield)
rNeg    . . .      Spirit   +   m - +0 leather armour
rPois   .          Reflect  .   (no helmet)
rElec   .          Harm     .   (no cloak)
rCorr   .          Rampage  .   (no gloves)
Will    .....                   (no boots)
Stlth   ++........              (no amulet)
HPRegen 0.90/turn               D - +6 ring of dexterity
MPRegen 0.10/turn               (no ring)

@: no status effects
A: fangs 2, regeneration 1, magic shield, antimagic bite, no potion heal 2
a: no special abilities


You were on level 3 of the Dungeon.
You visited 1 branch of the dungeon, and saw 4 of its levels.

You collected 118 gold pieces.

Inventory:

Hand Weapons
 a - a +0 long sword (weapon)
 b - a +0 dagger of venom
 k - a +0 club
Missiles
 j - 5 poisoned darts (quivered)
Armour
 i - a +0 scale mail
 m - a +0 leather armour (worn)
Jewellery
 D - a +6 ring of dexterity (left hand)
Wands
 d - a wand of charming (8)
Scrolls
 e - a scroll of magic mapping
Potions
 f - 3 potions of curing
 g - 2 potions of haste
 h - 2 potions of heal wounds {unknown}
 l - a potion of mutation {unknown}
Miscellaneous
 x - a piece from Xom's chessboard (14/15)


   Skills:
 + Level 2.9 Fighting
 + Level 4.5 Long Blades
 - Level 1.5 Armour
 - Level 0.7 Dodging
 - Level 1.2 Stealth
 - Level 2.6 Evocations


You had 5 spell levels left.
You didn't know any spells.
Your spell library contained the following spells:

 Spells                   Type           Power      Damage    Failure   Level
 Ignite Poison            Fire/Tmut/Pois 0%         N/A       77%         3
 Mephitic Cloud           Conj/Pois/Air  0%         N/A       77%         3
 Freezing Cloud           Conj/Ice/Air   0%         6-21      100%        5


Dungeon Overview and Level Annotations

Branches:
Dungeon (4/15)
 Temple: D:4-7

Altars:
Vehumet

Shops:
D:1 (


Innate Abilities, Weirdness & Mutations

You have extremely sharp teeth.
Your natural rate of healing is unusually fast.
When hurt, damage is shared between your health and your magic reserves.
Your bite disrupts and absorbs the magic of your enemies.
Potions cannot restore your health.


Message History

Your ice beast hits the frilled lizard.
The frilled lizard dies!
You swap places.
You see here a frilled lizard corpse.
The ice beast is no longer charmed.
You see here 8 gold pieces.
You make a move on Xom's chessboard...
The ice beast resists with significant effort.
The ice beast barely misses you.
Aiming: Throw Flame
Press: ? - help, Shift-Dir - straight line, f/p - ice beast
Aim: an ice beast (71% to hit)
The puff of flame misses the ice beast.
The ice beast hits you but does no damage.
Aiming: Throw Flame
Press: ? - help, Shift-Dir - straight line, f/p - ice beast
Aim: an ice beast (71% to hit)
The puff of flame hits the ice beast!
The ice beast melts!
The ice beast is heavily wounded.
The ice beast completely misses you.
Aiming: Throw Flame
Press: ? - help, Shift-Dir - straight line, f/p - ice beast
Aim: an ice beast (heavily wounded, 71% to hit)
The puff of flame hits the ice beast!
The ice beast melts!
The ice beast is almost dead.
The now-empty wand crumbles to dust.
The ice beast hits you. The ice beast freezes you!
You barely miss the ice beast.
The ice beast is almost dead.
The ice beast hits you. The ice beast freezes you!
You hit the ice beast.
The ice beast is almost dead.
The ice beast hits you. The ice beast freezes you!
* * * LOW HITPOINT WARNING * * *
You closely miss the ice beast. Your bite misses the ice beast.
The ice beast is almost dead.
The ice beast hits you.
* * * LOW HITPOINT WARNING * * *
The ice beast freezes you!
You die...

#######
#>.Y@.#####
#........... #
#.###.###.##
#..#.##.## .#
#.##.#...##.###
#.##...........
#.####...##.##.
#.# ##.## .#
#.# #.###.##.


You could see an ice beast.

Vanquished Creatures
  Sigmund (D:2)
  An iguana (D:4)
  A worm (D:2)
  A dart slug (D:2)
  7 ball pythons
  6 bats
  6 endoplasms
  2 giant cockroaches (D:1)
  3 hobgoblins
  7 jackals (D:1)
  4 kobolds
  2 frilled lizards
  4 goblins
  4 rats
49 creatures vanquished.

Vanquished Creatures (collateral kills)
  A jelly (D:4)
  A giant cockroach (D:4)
  A goblin (D:1)
  A jackal (D:1)
  A frilled lizard (D:3)
5 creatures vanquished.

Vanquished Creatures (others)
  A hobgoblin (D:1)
  3 jackals (D:1)
4 creatures vanquished.

Grand Total: 58 creatures vanquished

Notes
Turn   | Place    | Note
-------+----------+-------------------------------------------
     0 | D:1      | Armakuni the Vine Stalker Artificer began the quest for the
                  | Orb.
     0 | D:1      | Reached XP level 1. HP: 9/9 MP: 2/2
    14 | D:1      | Reached skill level 1 in Fighting
   162 | D:1      | Reached XP level 2. HP: 14/15 MP: 3/3
   612 | D:1      | Found Pupp's Weapon Boutique.
   780 | D:1      | Reached XP level 3. HP: 14/19 MP: 4/4
  1286 | D:2      | You fall into a shaft and drop 2 floors!
  1331 | D:4      | Noticed a bullfrog
  1363 | D:4      | Reached skill level 1 in Long Blades
  1363 | D:4      | Gained mutation: Your natural rate of healing is unusually
                  | fast. [Vine Stalker growth]
  1363 | D:4      | Reached XP level 4. HP: 4/23 MP: 1/5
  1449 | D:4      | Reached skill level 2 in Long Blades
  1580 | D:2      | Found a radiant altar of Vehumet.
  1881 | D:2      | Noticed Sigmund
  2155 | D:2      | HP: 1/23 [Sigmund (8)]
  2157 | D:2      | Killed Sigmund
  2158 | D:2      | Reached skill level 4 in Long Blades
  2158 | D:2      | Reached XP level 5. HP: 3/28 MP: 3/6
  2158 | D:2      | Reached XP level 6. HP: 3/32 MP: 3/7
  2299 | D:3      | Noticed an ice beast
  2369 | D:3      | Mangled by an ice beast

Illustrated notes

Levels and vault maps discovered:
D:1:      heliophobic_arrival_battle_scene, layout_rooms, serial_shops,
          nicolae_shop_stone
D:2:      layout_loops_ring, basic_altar, minmay_misc_feat_encased, uniq_sigmund
D:3:      layout_loops_ring, basic_ecumenical_altar
D:4:      layout_gridville, uniq_blork_the_orc

Skill      XL: |  1  2  3  4 |
---------------+-------------+-----
Fighting       | 1 2 |  2.9
Long Blades    | 1 4 |  4.5
Armour         | |  1.5
Dodging        | |  0.7
Stealth        | |  1.2
Evocations     | |  2.6

Action                   |  1- 3 |  4- 6 || total
-------------------------+-------+-------++-------
Melee: Club              |    75 |       ||    75
       Bite              |    20 |    10 ||    30
       Long sword        |     3 |    32 ||    35
       Dagger            |       |     9 ||     9
       Punch             |       |     1 ||     1
Throw: Dart              |     2 |    10 ||    12
Evoke: Wand              |    17 |     5 ||    22
       Piece from Xom's  |     9 |     3 ||    12
  Use: Scroll            |     3 |     2 ||     5
       Potion            |     2 |     1 ||     3
 Stab: Petrified         |     7 |       ||     7
       Paralysed         |     4 |       ||     4
       Sleeping          |     1 |     4 ||     5
Armor: Leather armour    |    36 |    16 ||    52
Dodge: Dodged            |    60 |    31 ||    91

Table legend: (Time is in decaauts)
 A = Elapsed time spent in this place.
 B = Non-inter-level travel time spent in this place.
 C = Inter-level travel time spent in this place.
 D = Time resting spent in this place.
 E = Time spent auto-exploring this place.
 F = Levels seen in this place.
 G = Mean time per level.
                   A        B        C        D        E       F      G
               +--------+--------+--------+--------+--------+-----+--------+
         Total |   2400 |   2386 |     14 |    472 |    965 |   4 |  600.0 |
       Dungeon |   2400 |   2386 |     14 |    472 |    965 |   4 |  600.0 |
               +--------+--------+--------+--------+--------+-----+--------+

Top non-repeatable levels by time:
     D:1: 1180 daAuts
     D:2: 845 daAuts
     D:4: 211 daAuts
     D:3: 162 daAuts
